AoeStats
← [GG] Shevchenko 7

Arabia

510217508Analyzed
2v2 RM · 3d ago on Sep 30, 2026· 29m 49s· 4 players
Game mode
Random Map
Map size
Medium (4 player)
Population
200
Speed
Normal
Resources
Standard
Victory
Conquest
Starting age
Dark Age
Ending age
Imperial Age
RankedLock teamsTeams togetherTeam positionsShared explorationLock speedFull tech treeHidden civsTurbo modeCheats
Victory
Defeat
🇨🇱 Spanish · Chile
1042
+14
🇨🇱 Magyars · Chile
1040
+14
🇧🇷 Celts · Brazil
1016
-14
🇧🇷 Mongols · Brazil
989
-14
[GG] Shevchenko 7
8:17 Loom
10:26 Feudal Age
16:50 Castle Age
18:14 Scale Mail Armor
27:13 Pikeman
[GG] Trezeguet
6:48 Loom
10:01 Feudal Age
13:51 Horse Collar
22:41 Castle Age
20:57 Scale Mail Armor
21:41 Forging
22:19 Scale Barding Armor
robertofreraut
5:50 Loom
8:42 Feudal Age
9:18 Double-Bit Axe
10:23 Horse Collar
20:41 Castle Age
19:07 Gold Mining
19:23 Scale Barding Armor
19:31 Bloodlines
21:40 Bow Saw
21:32 Heavy Plow
21:53 Chain Barding Armor
21:34 Husbandry
25:28 Stone Mining
rvillarvega
11:11 Feudal Age
9:33 Loom
15:01 Castle Age
14:56 Double-Bit Axe
17:27 Horse Collar
22:10 Fletching
25:30 Pikeman
26:10 Squires
25:56 Arson
28:37 Wheelbarrow
29:12 Gold Mining
29:55 Husbandry
Connection lost

Rejoining the realm…

Still unreachable

The connection could not be restored.

Session expired

The server has moved on; the page needs a fresh start.